 Dungeon Crawl Stone Soup version 0.30-a0-170-g85af917532 (webtiles) character file.

Game seed: 9269257023927083137

186 qw the Chopper (level 5, 0/33 HPs)
             Began as a Gargoyle Fighter on Sept 30, 2022.
             Slain by a gnoll
             ... wielding a +0 vorpal spear
             ... led by a gnoll bouda
              (1 damage)
             ... on level 3 of the Dungeon.
             The game lasted 00:00:48 (2704 turns).

qw the Chopper (Gargoyle Fighter)                   Turns: 2704, Time: 00:00:49

Health: 0/33       AC: 10    Str: 22    XL:     5   Next: 65%
Magic:  4/4        EV: 13    Int:  8    God:
Gold:   146        SH:  4    Dex:  9    Spells: 4/4 levels left

rFire   . . .      SeeInvis .    Y - +0 war axe (vamp)
rCold   . . .      Faith    .    c - +0 buckler
rNeg    + . .      Spirit   .    b - +0 scale mail
rPois   inf        Reflect  .    (no helmet)
rElec   +          Harm     .    (no cloak)
rCorr   .          Rampage  .    (no gloves)
Will    .....                    (no boots)
Stlth   ..........               (no amulet)
HPRegen 0.11/turn                l - +4 ring of evasion
MPRegen 0.09/turn                (no ring)

@: about to teleport
A: sickness immunity, AC +4, negative energy resistance 1, electricity
resistance, torment resistance 1, petrification resistance, low MP 1, MP-powered
wands
a: no special abilities


You were on level 3 of the Dungeon.
You visited 1 branch of the dungeon, and saw 3 of its levels.

You collected 146 gold pieces.


Innate Abilities, Weirdness & Mutations

You are immune to sickness and miasma.
Your stone body is resilient. (AC +4)
You are immune to poison.
You resist negative energy. (rN+)
You are resistant to electric shocks. (rElec)
You are resistant to unholy torment.
You are immune to petrification.
Your magical capacity is low. (-10% MP)
You expend magic power (3 MP) to strengthen your wands.


   Skills:
 + Level 3.7 Fighting
 - Level 5.0 Axes
 - Level 3.2 Armour
 - Level 3.2 Shields


You had 4 spell levels left.
You didn't know any spells.
Your spell library was empty.

Inventory:

Hand Weapons
 h - the +9 hammer of Loun Uck {venom, Str+2 Int+4}
   (You took it off a kobold on level 2 of the Dungeon)

   It poisons the flesh of those it strikes.
   Str:       It affects your strength (+2).
   Int:       It affects your intelligence (+4).
 Y - a +0 vampiric war axe (weapon)
Armour
 b - a +0 scale mail (worn)
 c - a +0 buckler (worn)
Jewellery
 l - a +4 ring of evasion (left hand)
Scrolls
 g - a scroll of identify
 i - a scroll of teleportation
Potions
 d - a potion of might
 e - 3 potions of curing
 k - a potion of brilliance {unknown}
 m - a potion of mutation

Dungeon Overview and Level Annotations

Branches:
Dungeon (3/15)

Altars:

Annotations:
D:2 1 runed translucent door, Crazy Yiuf


Message History

You hit the frilled lizard but do no damage.
The frilled lizard barely misses you.
You barely miss the frilled lizard. You block the frilled lizard's attack.
You slash the frilled lizard!
You kill the frilled lizard!
2693 ||| Stepping ~*~*~tactically~*~*~ (stealth).
The gnoll bouda shouts!
The gnoll bouda barks out a call to the hunt!
The gnoll picks up the pace!
The gnoll shouts!
2694 ||| Stepping ~*~*~tactically~*~*~ (hiding).
You hear an angry hiss.
You start waiting.
The gnoll bouda completely misses you.
You hit the gnoll bouda.
The gnoll bouda is lightly wounded.
The gnoll bouda hits you with a +0 mace.
A frilled lizard comes into view.
You hit the gnoll bouda but do no damage.
The gnoll bouda is lightly wounded.
The gnoll bouda hits you with a +0 mace.
You barely miss the gnoll bouda.
The gnoll bouda is lightly wounded.
The gnoll misses you. The gnoll bouda barely misses you.
The gnoll hits you from afar with a +0 vorpal spear.
The gnoll bouda closely misses you.
You barely miss the gnoll bouda.
The gnoll bouda is lightly wounded.
You block the gnoll's attack.
The gnoll bouda hits you with a +0 mace!
You barely miss the gnoll bouda.
The gnoll bouda is lightly wounded.
The gnoll hits you from afar with a +0 vorpal spear.
The gnoll bouda hits you but does no damage.
2704 ||| READING 2 scrolls of teleportation.
As you read the scroll of teleportation, it crumbles to dust.
You feel strangely unstable.
The gnoll hits you from afar with a +0 vorpal spear.
You die...

######### #.......# ###
#.......# ..# #.......#
##### ..#####.##.(##
#...(. ......#.###.#
###......
............####.%......
....)............##.....
.........#......@.......
.........#....###g.#####
.........#....## g##
.....))..##..... ..
........<....... ...
......)...#...#######
#.#......##...#
#|#.#.<.......
#.#.######..


You could see a gnoll bouda and a gnoll (swift).

Vanquished Creatures
  A phantom (D:2)
  An adder (D:2)
  6 gnolls
  A worm (D:2)
  3 bats
  3 endoplasms
  5 giant cockroaches
  2 goblins
  A hobgoblin (D:1)
  4 jackals (D:1)
  3 quokkas
  6 ball pythons (D:1)
  4 frilled lizards
  2 kobolds
  3 rats (D:1)
45 creatures vanquished.

Notes
Turn   | Place    | Note
-------+----------+-------------------------------------------
     0 | D:1      | qw the Gargoyle Fighter began the quest for the Orb.
     0 | D:1      | Reached XP level 1. HP: 14/14 MP: 1/1
     0 | D:1      | 0 ||| qw: Version: 0.2-a-12-gaebbb33
     0 | D:1      | 0 ||| qw: Game counter: 1650
     0 | D:1      | 0 ||| qw: Always use a shield: true
     0 | D:1      | 0 ||| qw: God list: Okawaru
     0 | D:1      | 0 ||| qw: Allow faded altars: false
     0 | D:1      | 0 ||| qw: Do Orc after D:15 true
     0 | D:1      | 0 ||| qw: Do second Lair branch before Depths: true
     0 | D:1      | 0 ||| qw: Lair rune preference: random
     0 | D:1      | 0 ||| qw: Plans: Normal, Zot:1-4, God:TSO, Crypt, Tomb,
                  | Pan, Slime:5, Hells, Abyss, Orb
     0 | D:1      | 0 ||| PLANNING D:1-11
    48 | D:1      | Reached skill level 2 in Axes
    62 | D:1      | 62 ||| Stepping ~*~*~tactically~*~*~ (stealth).
   261 | D:1      | Reached XP level 2. HP: 19/19 MP: 2/2
   360 | D:1      | 360 ||| Stepping ~*~*~tactically~*~*~ (stealth).
   636 | D:1      | Reached skill level 3 in Axes
   901 | D:1      | 901 ||| READING scroll labelled NOSOTE IRUTU.
   902 | D:1      | 902 ||| READING 2 scrolls labelled YDOSIUFASCH.
   903 | D:1      | 903 ||| READING scroll labelled WUARHU PEAMM.
   947 | D:1      | 947 ||| READING 2 scrolls labelled HEULAL KYHIT.
   951 | D:1      | 951 ||| READING scroll labelled IJIATO UWKE.
  1041 | D:2      | Reached XP level 3. HP: 22/23 MP: 3/3
  1066 | D:2      | Noticed a phantom
  1078 | D:2      | Killed a phantom
  1079 | D:2      | Reached skill level 4 in Axes
  1079 | D:2      | Reached XP level 4. HP: 23/28 MP: 4/4
  1141 | D:2      | Reached XP level 5. HP: 9/32 MP: 5/5
  1376 | D:2      | Identified the +5 short sword of Ucwoicw {flame, rPois MP+9
                  | Int+4 Stlth-}
  1598 | D:2      | Identified the +9 hammer of Loun Uck {venom, Str+2 Int+4}
  1599 | D:2      | 1599 ||| Stepping ~*~*~tactically~*~*~ (stealth).
  1608 | D:2      | 1608 ||| DROPPING +0 whip.
  1625 | D:2      | Found a runed translucent door.
  1626 | D:2      | Noticed Crazy Yiuf
  1955 | D:2      | Found a faded altar of an unknown god.
  2387 | D:2      | 2387 ||| UPGRADING to +4 ring of evasion.
  2388 | D:2      | 2388 ||| READING scroll labelled CUTTAD ITEO.
  2389 | D:2      | 2389 ||| DRINKING 3 black potions.
  2390 | D:2      | 2390 ||| DRINKING 2 fuming ruby potions.
  2390 | D:2      | Gained mutation: Your magical capacity is low. (-10% MP)
                  | [potion of mutation]
  2390 | D:2      | Gained mutation: You expend magic power (3 MP) to
                  | strengthen your wands. [potion of mutation]
  2391 | D:2      | 2391 ||| READING 3 scrolls of identify.
  2391 | D:2      | 2391 ||| IDENTIFYING smoky dark potion
  2392 | D:2      | 2392 ||| READING 2 scrolls of identify.
  2392 | D:2      | 2392 ||| IDENTIFYING sedimented yellow potion
  2393 | D:2      | 2393 ||| DROPPING potion of degeneration.
  2394 | D:2      | 2394 ||| DROPPING potion of flight.
  2445 | D:3      | HP: 8/32 [gnoll/+0 vorpal spear[a gnoll bouda] (1)]
  2446 | D:3      | Reached skill level 5 in Axes
  2446 | D:3      | 2446 ||| READING 2 scrolls of teleportation.
  2614 | D:3      | 2614 ||| Stepping ~*~*~tactically~*~*~ (stealth).
  2693 | D:3      | 2693 ||| Stepping ~*~*~tactically~*~*~ (stealth).
  2694 | D:3      | 2694 ||| Stepping ~*~*~tactically~*~*~ (hiding).
  2703 | D:3      | HP: 6/33 [gnoll/+0 vorpal spear[a gnoll bouda] (6)]
  2704 | D:3      | 2704 ||| READING 2 scrolls of teleportation.
  2704 | D:3      | HP: 1/33 [gnoll/+0 vorpal spear[a gnoll bouda] (4)]
  2704 | D:3      | Slain by a gnoll

Levels and vault maps discovered:
D:1:      minmay_arrival_five_plusses, layout_rooms, serial_rivers,
          chequers_serial_rivers_small_a, chequers_serial_rivers_micro_a,
          chequers_serial_rivers_large_b, chequers_serial_rivers_small_a,
          chequers_serial_rivers_small_b, minmay_pentomino_x4
D:2:      layout_loops_corners, hellmonk_ecumenical_altar_arch_garden,
          amcnicky_mini_corridor_feature, uniq_crazy_yiuf_cottage
D:3:      layout_rooms, minmay_cupped, uniq_jessica, uniq_terence, uniq_natasha

Skill      XL: |  1  2  3  4  5 |
---------------+----------------+-----
Axes           | 2 3 4 5 |  5.0
Fighting       | |  3.7
Armour         | |  3.2
Shields        | |  3.2

Action                   |  1- 3 |  4- 6 || total
-------------------------+-------+-------++-------
Melee: War axe           |    70 |    80 ||   150
  Use: Scroll            |     5 |     5 ||    10
       Potion            |       |     2 ||     2
Armor: Scale mail        |    42 |    41 ||    83
Dodge: Dodged            |    29 |    56 ||    85
Block: Buckler           |    18 |    24 ||    42

Table legend:
 A = Non-vault XP
 B = Vault XP
 C = Vault XP percentage of total XP
 D = Non-vault monster count
 E = Vault monster count
 F = Vault count percentage of total count
                 A         B        C        D         E       F
            +---------+---------+-------+---------+---------+-------
      Total |     261 |       5 |   1.9 |      42 |       3 |   6.7
            +---------+---------+-------+---------+---------+-------
        D:1 |      25 |       5 |  16.7 |      17 |       3 |  15.0
        D:2 |     184 |       0 |   0.0 |      17 |       0 |   0.0
        D:3 |      52 |       0 |   0.0 |       8 |       0 |   0.0
            +---------+---------+-------+---------+---------+-------
